Unix NetHack Version 5.0.0-0 post-release - last build May 31 2026 23:59:36 (970b52f25bf058293b47ddfd14a1e40e571c508c,branch:main).

Game began 2026-06-08 17:52:23, ended 2026-06-08 18:05:51.

AndiBanandi, neutral female gnomish Wizard

    ---------------                  -----------     -------------
    |[!)[+([[.m!sm|                  |..........#####............|
    |)[(/!)?[B@?s[|                  |.........|     |...........|
    |.....@.......|            ######..........|     |.........>.|
    -------|-------   ##########    #-------.-.-     ----------.--
           #         ##       ######        #                 ##
           ##        #        #         #####              ####
            #        #       ##        ##                  #####
            #                #        ###            ------|-  #
      ------.-      ------  ##     ---.---          #|......|  ##
      |......|     #.....|  #      |.....|          #|......+####
      |......|   ###|.....######   |.....|         ##.......|####
      |...(...######.....|######   .....||          #|..<...|#
      |......|      |.....  # #    |......###########|......|#
      |......|      .....|    ##   -------           --------#
      |.......      ------     ###############################
      --------

AndiBanandi the Conjurer  St:9 Dx:13 Co:15 In:19 Wi:11 Ch:9  Neutral
Dlvl:5  $:92 HP:0(37) Pw:49(54) AC:7  Xp:5 T:1758 

Latest messages:
 You finish eating the goblin corpse.
 I - an iron skull cap.
 J - a lembas wafer.
 You see a peaceful gnome.
 You see a giant bat.
 You see a giant bat.
 You see a giant bat.
 You notice a giant bat.
 You see a peaceful bat.
 You notice a giant bat.
 You notice a giant bat.
 You notice a giant bat.
 You notice a giant bat.
 You notice Akranes.
 You notice a centipede.
 You notice a centipede.
 Pick a monster, object or location.
 The door resists!
 The door resists!
 The door resists!
 The door opens.
 "Hello, AndiBanandi!  Welcome to Akranes' general store!"
 Pick a monster, object or location.
 You see here a pair of jackboots (for sale, 16 zorkmids).
 You see here a pink potion (for sale, 267 zorkmids).
 You see here a spellbook of knock (for sale, 133 zorkmids).
 You miss the large mimic.
 The large mimic hits!
 The giant bat bites!
 You cannot escape from the large mimic!
 The giant bat bites!
 The giant bat bites!
 You cannot escape from the large mimic!
 The giant bat bites!
 The giant bat bites!
 Pick a monster, object or location.
 In what direction? 8
 The spell hits the large mimic!
 The large mimic resists!
 The giant bat bites!
 You cannot escape from the large mimic!
 The giant bat bites!
 The giant bat bites!
 You die...
 Akranes gratefully inherits all your possessions.
 Do you want to see what you had when you died? [ynq] (y) y
 Do you want to see your attributes? [ynq] (y) y
 Do you want an account of creatures vanquished? [ynaq] (y) n
 Do you want to see your conduct and achievements? [ynq] (y) n
 Do you want to see the dungeon overview? [ynq] (y) n

Inventory:
 Coins    ('$')
  $ - 92 gold pieces
 Amulets  ('"')
  q - an uncursed amulet of ESP (being worn)
 Weapons  (')')
  a - a blessed +1 quarterstaff (weapon in hands)
 Armor    ('[')
  I - an uncursed +0 orcish helm
  v - an uncursed +0 pair of leather gloves (being worn)
  b - an uncursed +0 cloak of magic resistance (being worn)
 Comestibles  ('%')
  s - 2 uncursed food rations
  J - an uncursed lembas wafer
 Scrolls  ('?')
  w - an uncursed scroll of enchant armor
  i - an uncursed scroll of enchant weapon
  k - a blessed scroll of identify
  j - an uncursed scroll of identify
  y - a cursed scroll of light
  D - 2 uncursed scrolls of teleportation
 Spellbooks  ('+')
  t - an uncursed spellbook of detect treasure
  m - an uncursed spellbook of detect unseen
  l - a blessed spellbook of force bolt
 Potions  ('!')
  E - an uncursed potion of extra healing
  r - a blessed potion of gain level
  x - 5 uncursed potions of healing
  h - an uncursed potion of invisibility
  f - a blessed potion of monster detection
  B - a cursed potion of oil
  o - 2 uncursed potions of see invisible
  g - an uncursed potion of sleeping
  C - an uncursed potion of water
 Rings    ('=')
  e - an uncursed +2 ring of increase accuracy
  H - an uncursed ring of invisibility
  d - an uncursed +1 ring of protection (on right hand)
  u - an uncursed ring of searching (on left hand)
 Wands    ('/')
  c - a wand of secret door detection (0:12)
 Tools    ('(')
  n - a magic marker (0:22)
  z - a cursed tin whistle
 Gems/Stones  ('*')
  A - an uncursed worthless piece of violet glass
  G - 2 uncursed worthless pieces of yellowish brown glass

AndiBanandi the Wizard's attributes:

Background:
 You were a Conjurer, a level 5 female gnomish Wizard.
 You were neutral, on a mission for Thoth
 who was opposed by Ptah (lawful) and Anhur (chaotic).
 You were right-handed.
 You were in the Dungeons of Doom, on level 5.
 You entered the dungeon 1758 turns ago.
 You had 206 experience points, 114 more were needed to attain level 6.

Basics:
 You had 0 out of 37 hit points.
 You had 49 out of 54 energy points (spell power).
 Your armor class was 7.
 Your wallet contained 92 zorkmids.
 Autopickup was on, but temporarily disabled while inside the shop.

Final Characteristics:
 Your strength was 9 (limit:18/50).
 Your dexterity was 13 (limit:18).
 Your constitution was 15 (limit:18).
 Your intelligence was 19 (limit:19).
 Your wisdom was 11 (limit:18).
 Your charisma was 9 (limit:18).

Final Status:
 You were held by a large mimic (north).
 You weren't hungry.
 You were unencumbered.
 You were wielding a quarterstaff.
 You had basic skill with quarterstaff.

Final Attributes:
 You were devoutly aligned.
 You were magic-protected.
 You were telepathic.
 You had automatic searching.
 You had infravision.
 You had a small defense bonus (+1).
 You were guarded.
 You are dead.

Miscellaneous:
 You didn't encounter any bones levels.
 Total elapsed playing time was 13 minutes and 7 seconds.

Major events:
 Turn
    1: AndiBanandi the neutral female gnomish Wizard entered the dungeon
  163: attained the rank of Conjurer (level 3)
 1758: killed by a giant bat

Spells:
 Name                 Level Category     Fail Retention
 force bolt             1   attack         0%  91%-100%
 detect unseen          3   divination    72%  76%-100%

Skills:
 Fighting Skills
   bare handed combat [Unskilled]
   riding             [Unskilled]
 Weapon Skills
   dagger             [Unskilled]
   knife              [Unskilled]
   axe                [Unskilled]
   short sword        [Unskilled]
   club               [Unskilled]
   mace               [Unskilled]
   quarterstaff       [Basic]
   polearms           [Unskilled]
   spear              [Unskilled]
   trident            [Unskilled]
   sling              [Unskilled]
   dart               [Unskilled]
   shuriken           [Unskilled]
 Spellcasting Skills
   attack spells      [Basic]
   healing spells     [Unskilled]
   divination spells  [Unskilled]
   enchantment spells [Basic]
   clerical spells    [Unskilled]
   escape spells      [Unskilled]
   matter spells      [Unskilled]

Voluntary challenges:
 Your character was not rerolled.
 You never had a pet.
 You never genocided any monsters.
 You never polymorphed an object.
 You never changed form.
 You used no wishes.
Achievements:
 You attained the rank of Conjurer.
 You entered a shop.

 The Dungeons of Doom: levels 1 to 5
    Level 1:
       A sink.
    Level 2:
    Level 3:
       Some fountains.
    Level 4:
       An altar to Thoth, a fountain.
    Level 5: <- You were here.
       A general store, a grave.
       Final resting place for
          you, killed by a giant bat.


Vanquished creatures:
  a rock mole
  7 fog clouds
  a gray ooze
  a floating eye
  a dwarf zombie
  2 iguanas
 an acid blob
  a hobbit
  2 giant rats
  2 jackals
  2 goblins
  3 grid bugs
  a bat
  2 lichens
  a kobold zombie
  2 newts
30 creatures vanquished.

No species were genocided or became extinct.

Game over:
                       ----------
                      /          \
                     /    REST    \
                    /      IN      \
                   /     PEACE      \
                  /                  \
                  |   AndiBanandi    |
                  |       0 Au       |
                  |   killed by a    |
                  |    giant bat     |
                  |                  |
                  |                  |
                  |       2026       |
                 *|     *  *  *      | *
        _________)/\\_//(\/(/\)/\//\/|_)_______

Goodbye AndiBanandi the Wizard...

You died in The Dungeons of Doom on dungeon level 5 with 1024 points,
and 0 pieces of gold, after 1758 moves.
You were level 5 with a maximum of 37 hit points when you died.

